 Dungeon Crawl Stone Soup version 0.29-a0-982-gaed3a0c8d8 (webtiles) character file.

Game seed: 12634671547725955966

276 Heh the Slasher (level 6, -5/70 HPs)
             Began as a Demonspawn Gladiator on Aug 2, 2022.
             Slain by a river rat (6 damage)
             ... summoned by Eustachio
             ... on level 4 of the Dungeon.
             The game lasted 00:05:09 (2853 turns).

Heh the Slasher (Demonspawn Gladiator)              Turns: 2853, Time: 00:05:10

Health: -5/70      AC:  8    Str: 14      XL:     6   Next: 4%
Magic:  0/6        EV:  7    Int:  9      God:
Gold:   206        SH:  4    Dex: 18 (23) Spells: 5/5 levels left

rFire   . . .      SeeInvis .   a - +0 long sword
rCold   . . .      Faith    .   n - +0 buckler
rNeg    . . .      Spirit   +   v - +0 chain mail
rPois   .          Reflect  .   (helmet restricted)
rElec   .          Harm     .   (no cloak)
rCorr   .          Rampage  .   (no gloves)
Will    .....                   (no boots)
Stlth   ..........              (no amulet)
HPRegen 0.21/turn               j - +6 ring of dexterity
MPRegen 0.20/turn               (no ring)

@: mighty, brilliant, berserking, very quick
A: antennae 1, magic shield, magic regeneration, magic link
a: no special abilities


You were on level 4 of the Dungeon.
You visited 1 branch of the dungeon, and saw 4 of its levels.

You collected 206 gold pieces.

Inventory:

Hand Weapons
 a - a +0 long sword (weapon)
Missiles
 d - 2 throwing nets (quivered)
 e - a javelin
 w - 5 poisoned darts
Armour
 b - a +0 leather armour
 c - a +0 helmet
 n - a +0 buckler (worn)
 v - a +0 chain mail (worn)
 x - a +0 helmet
Jewellery
 j - a +6 ring of dexterity (left hand)
 A - a ring of fire
Scrolls
 h - a scroll of poison {unknown}
 i - 4 scrolls of identify {unknown}
 k - a scroll of acquirement {unknown}
 l - 2 scrolls of immolation {unknown}
 o - 2 scrolls of teleportation {unknown}
 t - a scroll of silence {unknown}
 y - 2 scrolls of magic mapping {unknown}
 B - a scroll of fear {unknown}
 C - a scroll of vulnerability {unknown}
Potions
 p - a potion of might
 q - a potion of haste {unknown}
 r - a potion of attraction {unknown}
 s - 2 potions of degeneration {unknown}
 u - a potion of flight {unknown}
 z - 2 potions of mutation {unknown}


   Skills:
 + Level 3.3 Fighting
 * Level 4.3 Long Blades
 - Level 1.8 Throwing
 * Level 2.2 Armour
 + Level 3.5 Dodging


You had 5 spell levels left.
You didn't know any spells.
Your spell library contained the following spells:

 Spells                   Type           Power      Damage    Failure   Level
 Freeze                   Ice            0%         1d3       100%        1
 Summon Small Mammal      Summ           0%         N/A       100%        1
 Call Canine Familiar     Summ           0%         N/A       100%        3
 Frozen Ramparts          Ice            0%         1d8       100%        3
 Summon Guardian Golem    Hex/Summ       0%         N/A       100%        3
 Hailstorm                Conj/Ice       0%         3d3       100%        4


Dungeon Overview and Level Annotations

Branches:
Dungeon (4/15)
 Temple: D:4-7

Altars:
Ashenzari
Trog
Uskayaw

Annotations:
D:4 1 transporter, Eustachio


Innate Abilities, Weirdness & Mutations

You have a pair of small antennae on your head.
When hurt, damage is shared between your health and your magic reserves.
You regenerate magic rapidly.
When low on magic, you restore magic in place of health.


Message History

You are too injured to fight recklessly!
Eustachio zaps a wand.
The puff of flame hits you!
* * * LOW HITPOINT WARNING * * *
Eustachio struggles against the net.
Eustachio utters an oath, "I will die for my friends!"
Eustachio zaps a wand.
The puff of flame misses you.
Eustachio struggles against the net.
You block the river rat's attack.
You catch the helpless Eustachio completely off-guard!
You slash Eustachio!
Eustachio is moderately wounded.
The quokka barely misses you.
The river rat bites you but does no damage.
Eustachio asks, "How can you live without manners, virtues and honour?"
Eustachio zaps a wand.
The puff of flame hits you!
* * * LOW HITPOINT WARNING * * *
Eustachio struggles against the net.
A red film seems to cover your vision as you go berserk!
You feel yourself moving faster!
You feel mighty! The quokka barely misses you. The river rat barely misses you.
You slash Eustachio!
Eustachio is heavily wounded.
The quokka bites you.
* * * LOW HITPOINT WARNING * * *
You block the river rat's attack.
Unknown command.
You barely miss Eustachio.
Eustachio is heavily wounded.
Eustachio struggles against the net.
The net rips apart, and Eustachio comes free!
The quokka bites you.
* * * LOW HITPOINT WARNING * * *
The river rat bites you but does no damage.
You barely miss Eustachio.
Eustachio is heavily wounded.
Eustachio casts a spell.
The quokka barely misses you.
You closely miss Eustachio.
Eustachio is heavily wounded.
The river rat bites you!
You die...

#######.#.#.# #.#)#... ..
+.#.##### ## . ###.# .#.#
#########...####### .#.
#.......#.#.......# ..
#.#####)..#.####.##
.######.#########.# #.#
......#.#......r@r## #.#
>#.##.#.#.######@..###.#######
...##.#...#.........##.......#
.................r..†#.......#
...............©........†....#
....###.......####...#..######
...##$###...###. #...#..#
...#..# #..## .. #......#
...##.^ #### )..#.......#


You could see Eustachio, a river rat (summoned) and 2 quokkas.

Vanquished Creatures
  A scorpion (D:4)
  A hound (D:4)
  An orc priest (D:4)
  Terence (D:3)
  An iguana (D:4)
  An orc wizard (D:4)
  An adder (D:2)
  A worm (D:2)
  3 dart slugs (D:1)
  6 orcs
  5 ball pythons
  5 endoplasms
  2 giant cockroaches (D:2)
  7 goblins
  A hobgoblin (D:2)
  2 jackals (D:3)
  7 kobolds
  3 quokkas
  4 bats (D:2)
  A frilled lizard (D:1)
  7 rats
61 creatures vanquished.

Notes
Turn   | Place    | Note
-------+----------+-------------------------------------------
     0 | D:1      | Heh the Demonspawn Gladiator began the quest for the Orb.
     0 | D:1      | Reached XP level 1. HP: 16/16 MP: 1/1
   327 | D:1      | Gained mutation: You regenerate magic rapidly. [demonic
                  | ancestry]
   327 | D:1      | Reached XP level 2. HP: 17/22 MP: 2/2
   545 | D:1      | Reached skill level 3 in Long Blades
  1245 | D:2      | Reached XP level 3. HP: 28/28 MP: 3/3
  1545 | D:2      | Reached skill level 1 in Armour
  1959 | D:2      | Found a faded altar of an unknown god.
  2045 | D:3      | Noticed Terence
  2059 | D:3      | Killed Terence
  2060 | D:3      | Gained mutation: When hurt, damage is shared between your
                  | health and your magic reserves. [demonic ancestry]
  2060 | D:3      | Reached XP level 4. HP: 18/34 MP: 4/4
  2220 | D:3      | Found a bloodstained altar of Trog.
  2403 | D:3      | Found a broken altar of Ashenzari.
  2628 | D:4      | Found a transporter.
  2670 | D:4      | Noticed a scorpion
  2675 | D:4      | Killed a scorpion
  2676 | D:4      | Reached skill level 4 in Long Blades
  2676 | D:4      | Gained mutation: You have a pair of small antennae on your
                  | head. [demonic ancestry]
  2676 | D:4      | Reached XP level 5. HP: 41/41 MP: 5/5
  2758 | D:4      | Found a hide-covered altar of Uskayaw.
  2761 | D:4      | Noticed Eustachio
  2826 | D:4      | Gained mutation: When low on magic, you restore magic in
                  | place of health. [demonic ancestry]
  2826 | D:4      | Reached XP level 6. HP: 17/47 MP: 2/6
  2848 | D:4      | HP: 2/47 [Eustachio/puff of flame (5)]
  2853 | D:4      | Slain by a river rat

Illustrated notes

Levels and vault maps discovered:
D:1:      ncdulo_watergridlock, layout_loops_corners
D:2:      minmay_kobold_bridge, layout_loops_cross,
          dreamdust_ecumenical_altar_angels_and_demons, minmay_unequal
D:3:      layout_rooms, mainiacjoe_overflow_tiny_flanked,
          mainiacjoe_overflow_cross_hatched, amcnicky_mini_corridor_feature,
          serial_bayou_pond_e, uniq_terence
D:4:      layout_basic, mainiacjoe_overflow_large_starburst,
          gammafunk_ghost_abyssal_escape, uniq_eustachio

Skill      XL: |  1  2  3  4  5 |
---------------+----------------+-----
Long Blades    | 3 4 |  4.3
Dodging        | 3 |  3.5
Armour         | 1 2 |  2.2
Fighting       | 3 |  3.3
Throwing       | |  1.8

Action                   |  1- 3 |  4- 6 || total
-------------------------+-------+-------++-------
Melee: Long sword        |   103 |    98 ||   201
Throw: Throwing net      |       |     1 ||     1
  Use: Potion            |       |     7 ||     7
 Stab: Sleeping          |     1 |       ||     1
       Held in net/web   |       |     1 ||     1
Armor: Leather armour    |    41 |     1 ||    42
       Chain mail        |       |    71 ||    71
Dodge: Dodged            |    83 |    66 ||   149
Block: Buckler           |    14 |    26 ||    40

Table legend: (Time is in decaauts)
 A = Elapsed time spent in this place.
 B = Non-inter-level travel time spent in this place.
 C = Inter-level travel time spent in this place.
 D = Time resting spent in this place.
 E = Time spent auto-exploring this place.
 F = Levels seen in this place.
 G = Mean time per level.
                   A        B        C        D        E       F      G
               +--------+--------+--------+--------+--------+-----+--------+
         Total |   2906 |   2853 |     53 |    179 |   2146 |   4 |  726.5 |
       Dungeon |   2906 |   2853 |     53 |    179 |   2146 |   4 |  726.5 |
               +--------+--------+--------+--------+--------+-----+--------+

Top non-repeatable levels by time:
     D:2: 1068 daAuts
     D:1: 1001 daAuts
     D:3: 584 daAuts
     D:4: 252 daAuts
